 Dungeon Crawl Stone Soup version 0.31-a0-845-g9abc20d24f (console) character file.

Game seed: 10930529927112484755

2184334 extragnoll the Crack Shot (level 27, 222/222 HPs)
             Began as a Gnoll Hexslinger on Oct 1, 2023.
             Was the Champion of Fedhas.
             Escaped with the Orb
             ... and 4 runes on Oct 2, 2023!
             The game lasted 03:53:24 (79539 turns).

extragnoll the Crack Shot (Gnoll Hexslinger)       Turns: 79539, Time: 03:53:24

Health: 222/222    AC: 27    Str: 15    XL:     27
Magic:  55/55      EV: 35    Int: 19    God:    Fedhas [******]
Gold:   6661       SH:  8    Dex: 36    Spells: 13/64 levels left

rFire   + + .        a - +9 longbow (heavy)
rCold   + + .        (shield currently unavailable)
rNeg    + . .        q - +6 swamp dragon scales
rPois   +            k - -2 hat of the Alchemist {rElec rPois rF+ rC+ rN+ Will+ rMut rCorr}
rElec   +            M - +2 cloak {Stlth+}
rCorr   +            A - +2 pair of gloves {Dex+3}
SInv    .            e - +1 pair of boots "Enkaodgh" {rElec rCorr Int+6}
Will    +++..        U - brooch of Shielding {Spirit SH+8}
Stlth   +++          F - ring "Wytuag" {rElec rF+ MP+9 Str+2}
HPRegen 0.57/turn    O - ring "Arhayl" {rC+ rCorr Str+4 Dex+6}
MPRegen 0.34/turn

%: resist mutation, guardian spirit
@: studying 3 skills
A: fangs 1, strong nose, distributed training, talons 1
0: Orb of Zot
}: 4/15 runes: decaying, slimy, silver, gossamer
a: Renounce Religion, Wall of Briars, Grow Ballistomycete, Overgrow, Grow Oklob


You escaped.
You worshipped Fedhas.
Fedhas was exalted by your worship.
You visited 11 branches of the dungeon, and saw 55 of its levels.
You also visited: Trove, Ossuary, Bailey, Ice Cave and Wizlab.

You collected 10393 gold pieces.
You spent 3732 gold pieces at shops.

Inventory:

Hand Weapons
 a - a +9 heavy longbow (weapon)
 b - a +1 dagger of electrocution
 d - the +8 triple crossbow "Osiceul" {penet, rN+}
   (You took it off a deep elf archer on level 3 of the Elven Halls)

   rN+:       It protects you from negative energy.
Missiles
 p - 2 throwing nets
Armour
 e - the +1 pair of boots "Enkaodgh" (worn) {rElec rCorr Int+6}
   (You found it in a treasure trove)

   Int+6:     It affects your intelligence (+6).
   rElec:     It insulates you from electricity.
   rCorr:     It protects you from acid and corrosion.
 k - the -2 hat of the Alchemist (worn) {rElec rPois rF+ rC+ rN+ Will+ rMut rCorr}
   (You found it on level 13 of the Dungeon)

   rF+:       It protects you from fire.
   rC+:       It protects you from cold.
   rElec:     It insulates you from electricity.
   rPois:     It protects you from poison rN+: It protects you from negative
   energy.
   Will+:     It increases your willpower.
   rCorr:     It protects you from acid and corrosion.
   rMut:      It protects you from mutation.
 q - +6 swamp dragon scales (worn)
 A - a +2 pair of gloves of dexterity (worn)
 M - a +2 cloak of stealth (worn)
Jewellery
 l - the ring of Xucikhij {rN+ Will+ Slay+2}
   (You took it off a royal mummy on level 3 of the Crypt)

   [ring of positive energy]

   Slay+2:    It affects your accuracy & damage with ranged weapons and melee
   (+2).
   rN+:       It protects you from negative energy.
   Will+:     It increases your willpower.
 r - the ring "Immy" {rN+ Int+3 SInv}
   (You found it on level 3 of the Crypt)

   [ring of positive energy]

   Int+3:     It affects your intelligence (+3).
   rN+:       It protects you from negative energy.
   SInv:      It lets you see invisible.
 F - the ring "Wytuag" (left hand) {rElec rF+ MP+9 Str+2}
   (You found it on level 5 of the Pits of Slime)

   [ring of magical power]

   Str+2:     It affects your strength (+2).
   rF+:       It protects you from fire.
   rElec:     It insulates you from electricity.
   MP+9:      It affects your magic capacity (+9).
 O - the ring "Arhayl" (right hand) {rC+ rCorr Str+4 Dex+6}
   (You bought it in a shop on level 2 of the Orcish Mines)

   [ring of dexterity]

   Str+4:     It affects your strength (+4).
   Dex+6:     It affects your dexterity (+6).
   rC+:       It protects you from cold.
   rCorr:     It protects you from acid and corrosion.
 P - a ring of flight
 U - the brooch of Shielding (around neck) {Spirit SH+8}
   (You bought it in a shop on level 2 of the Orcish Mines)

   [amulet of guardian spirit]

   Spirit:    It causes incoming damage to be divided between your reserves of
   health and magic.
   SH+8:      It affects your SH (+8).
 Z - the ring "Vuitim" {rPois Will+ Int+4 Stlth+}
   (You took it off an orc knight on level 13 of the Dungeon)

   [ring of poison resistance]

   Int+4:     It affects your intelligence (+4).
   rPois:     It protects you from poison Will+: It increases your willpower.
   Stlth+:    It makes you more stealthy.
Wands
 m - a wand of digging (24)
 v - a wand of polymorph (13)
 w - a wand of iceblast (35)
 y - a wand of paralysis (52)
 H - a wand of acid (8)
 K - a wand of mindburst (38)
Scrolls
 f - 3 scrolls of blinking
 h - 10 scrolls of fear
 u - a scroll of revelation
 x - 9 scrolls of fog
 z - 5 scrolls of butterflies
 C - 6 scrolls of vulnerability
 I - 3 scrolls of silence
 N - 16 scrolls of teleportation
Potions
 c - 8 potions of haste
 g - 11 potions of mutation
 i - 21 potions of curing
 j - 20 potions of enlightenment
 o - 6 potions of cancellation
 s - 5 potions of magic
 t - 4 potions of invisibility
 B - 8 potions of might
 D - a potion of resistance
 E - 19 potions of ambrosia
 J - 7 potions of heal wounds
Miscellaneous
 n - a phial of floods
 S - a lightning rod (4/4)
 V - a phantom mirror
 X - a condenser vane


   Skills:
 + Level 19.4 Fighting
 + Level 19.3 Short Blades
 + Level 19.3 Long Blades
 + Level 19.3 Axes
 + Level 19.3 Maces & Flails
 + Level 19.3 Polearms
 + Level 19.3 Staves
 + Level 26.1 Ranged Weapons
 + Level 19.3 Throwing
 + Level 19.3 Armour
 + Level 19.7 Dodging
 + Level 19.3 Stealth
 + Level 19.3 Shields
 + Level 21.8 Unarmed Combat
 + Level 19.4 Spellcasting
 + Level 16.4 Conjurations
 + Level 17.2 Hexes
 + Level 18.2 Summonings
 + Level 16.4 Necromancy
 + Level 16.4 Translocations
 + Level 16.4 Transmutations
 + Level 16.6 Fire Magic
 + Level 16.4 Ice Magic
 + Level 16.4 Air Magic
 + Level 16.4 Earth Magic
 + Level 16.4 Poison Magic
 + Level 20.8 Invocations
 + Level 19.3 Evocations
 + Level 17.8 Shapeshifting


You had 13 spell levels left.
You knew the following spells:

 Your Spells              Type           Power      Damage    Failure   Level
a - Jinxbite              Hex            100%       N/A       0%          2
b - Inner Flame           Hex/Fire       70%        N/A       0%          3
c - Cause Fear            Hex            35%        N/A       1%          4
d - Blink                 Tloc           100%       N/A       0%          2
e - Mephitic Cloud        Conj/Pois/Air  69%        N/A       0%          3
f - Dimensional Bullseye  Hex/Tloc       35%        N/A       1%          4
g - Silence               Hex/Air        35%        N/A       1%          5
h - Borgnjor's Vile Clut  Necr/Erth      34%        N/A       1%          5
i - Metabolic Englaciati  Hex/Ice        35%        N/A       1%          5
j - Freezing Cloud        Conj/Ice/Air   34%        6-21      1%          5
k - Enfeeble              Hex            35%        N/A       3%          7
l - Dispersal             Tloc           34%        N/A       1%          6

Your spell library contained the following spells:

 Spells                   Type           Power      Damage    Failure   Level
 Apportation              Tloc           100%       N/A       0%          1
 Kiss of Death            Conj/Necr      100%       2d13      0%          1
 Magic Dart               Conj           100%       1d8       0%          1
 Necrotise                Necr           100%       1d9       0%          1
 Sandblast                Erth           100%       2d20      0%          1
 Shock                    Conj/Air       100%       1d9       0%          1
 Slow                     Hex            100%       N/A       0%          1
 Sting                    Tmut/Pois      100%       1d8       0%          1
 Summon Small Mammal      Summ           100%       N/A       0%          1
 Call Imp                 Summ           100%       N/A       0%          2
 Cigotuvi's Dreadful Rot  Necr/Pois/Air  100%       N/A       0%          2
 Ensorcelled Hibernation  Hex/Ice        100%       N/A       0%          2
 Lesser Beckoning         Tloc           100%       N/A       0%          2
 Momentum Strike          Conj/Tloc      100%       3d10      0%          2
 Passwall                 Tmut/Erth      57%        N/A       0%          2
 Poisonous Vapours        Pois/Air       100%       N/A       0%          2
 Scorch                   Fire           100%       2d9       0%          2
 Sublimation of Blood     Necr           69%        N/A       0%          2
 Call Canine Familiar     Summ           73%        N/A       0%          3
 Confusing Touch          Hex            71%        N/A       0%          3
 Dazzling Flash           Conj/Hex       100%       N/A       0%          3
 Gell's Gravitas          Tloc           69%        N/A       0%          3
 Ozocubu's Armour         Ice            69%        N/A       0%          3
 Sigil of Binding         Hex            71%        N/A       0%          3
 Stone Arrow              Conj/Erth      100%       3d13      0%          3
 Summon Guardian Golem    Hex/Summ       72%        N/A       0%          3
 Swiftness                Air            69%        N/A       0%          3
 Teleport Other           Tloc           69%        N/A       0%          3
 Tukima's Dance           Hex            71%        N/A       0%          3
 Vampiric Draining        Necr           69%        2d10      0%          3
 Volatile Blastmotes      Fire/Tloc      100%       2d18      0%          3
 Airstrike                Air            34%        2d(5-21)  1%          4
 Anguish                  Hex/Necr       35%        N/A       1%          4
 Animate Armour           Summ/Erth      100%       N/A       1%          4
 Brom's Barrelling Bould  Conj/Erth      69%        2d8       1%          4
 Dispel Undead            Necr           69%        3d23      1%          4
 Flame Wave               Conj/Fire      69%        2d16      1%          4
 Fulminant Prism          Conj/Hex       35%        3d18      1%          4
 Iskenderun's Mystic Bla  Conj/Tloc      69%        2d14      1%          4
 Leda's Liquefaction      Hex/Erth       35%        N/A       1%          4
 Manifold Assault         Tloc           69%        N/A       1%          4
 Olgreb's Toxic Radiance  Pois           69%        N/A       1%          4
 Passage of Golubria      Tloc           69%        N/A       1%          4
 Petrify                  Tmut/Erth      69%        N/A       1%          4
 Sticky Flame             Conj/Fire      69%        2d8       1%          4
 Summon Ice Beast         Ice/Summ       71%        N/A       1%          4
 Vhi's Electric Charge    Tloc/Air       100%       N/A       1%          4
 Agony                    Necr           69%        N/A       1%          5
 Alistair's Intoxication  Tmut/Pois      46%        N/A       1%          5
 Arcjolt                  Conj/Air       34%        1d44      1%          5
 Fireball                 Conj/Fire      34%        3d14      1%          5
 Irradiate                Conj/Tmut      34%        3d23      1%          5
 Iskenderun's Battlesphe  Conj           69%        2d12      1%          5
 Lee's Rapid Deconstruct  Erth           34%        3d17*     1%          5
 Summon Forest            Summ/Tloc      35%        N/A       1%          5
 Summon Mana Viper        Hex/Summ       72%        N/A       1%          5
 Yara's Violent Unravell  Hex/Tmut       35%        3d14      1%          5
 Bombard                  Conj/Erth      34%        9d6       1%          6
 Conjure Ball Lightning   Conj/Air       34%        3x3d11    1%          6
 Death Channel            Necr           34%        N/A       1%          6
 Eringya's Noxious Bog    Tmut/Pois      34%        4d6       1%          6
 Plasma Beam              Fire/Air       34%        2x1d47    1%          6
 Simulacrum               Ice/Necr       34%        N/A       1%          6
 Starburst                Conj/Fire      34%        6d10      1%          6
 Summon Cactus Giant      Summ           36%        N/A       1%          6
 Summon Hydra             Summ           36%        N/A       1%          7
 Spellforged Servitor     Conj/Summ      35%        N/A       2%          7
 Orb of Destruction       Conj           34%        9d10      4%          7
 Ozocubu's Refrigeration  Ice            34%        4d15      4%          7
 Disjunction              Tloc           34%        N/A       30%         8
 Infestation              Necr           34%        N/A       30%         8
 Lehudib's Crystal Spear  Conj/Erth      34%        10d9      30%         8
 Maxwell's Capacitive Co  Air            34%        ∞         30%         8


Dungeon Overview and Level Annotations

Branches:
Dungeon (15/15)            Temple (0/1) D:4            Lair (5/5) D:8
  Swamp (4/4) Lair:3       Spider (4/4) Lair:2        Slime (5/5) Lair:4
    Orc (2/2) D:10            Elf (3/3) Orc:2        Vaults (5/5) D:13
  Crypt (3/3) Vaults:3       Tomb (0/3) Crypt:3      Depths (4/4) D:15
    Zot (5/5) Depths:4    Ossuary (visited)          Bailey (visited)
  IceCv (visited)          WizLab (visited)

Altars:
Ashenzari
Cheibriados
Fedhas
Hepliaklqana
Kikubaaqudgha
Makhleb
Qazlal
Ru
Sif Muna
Trog
Uskayaw
Vehumet
Xom
Yredelemnul
Zin

Shops:
D:3 [   D:7 :   D:14 !   Orc:2 ==[*=   Vaults:1 [   Vaults:2 ?   Vaults:3 :
Vaults:4 =

Portals:
Hell: Depths:1 Depths:2 Depths:3 Depths:4
Abyss: Depths:3
Pandemonium: Depths:2
Ziggurat: Depths:2

Annotations:
D:6 3 runed translucent doors, Stellion's ghost, novice KoBr
D:14 3 runed translucent doors, Cicylist's ghost, journeyman FoFi; Ynonecli's ghost, journeyman NaHu
Swamp:4 Roxanne
Elf:2 3 runed translucent doors
Zot:2 Tiamat


Innate Abilities, Weirdness & Mutations

You have very sharp teeth.
Your uncanny sense of smell can sniff out nearby items.
Your experience applies equally to all skills.
You have sharp toenails.


Message History

You block the Executioner's attack. x2; The Executioner barely misses you.
The Executioner completely misses you. The Executioner closely misses you. x2
The Executioner completely misses you. x2; The Executioner misses you.
The large abomination barely misses you.
The large abomination completely misses you.
You shoot an arrow. The arrow hits the Executioner!!!!
You kill the Executioner!
Fedhas accepts your kill.
You block the large abomination's attack.
The large abomination misses you.
You shoot an arrow.
The arrow hits the large abomination but does no damage.
The large abomination hits you but does no damage.
The large abomination completely misses you.
You shoot an arrow.
The arrow hits the large abomination but does no damage.
The large abomination misses you.
The large abomination closely misses you.
You shoot an arrow.
The arrow barely misses the large abomination.
The large abomination closely misses you.
The large abomination completely misses you.
You shoot an arrow. The arrow hits the large abomination!!!
You destroy the large abomination!
Fedhas accepts your kill.
You block the large abomination's attack.
You shoot an arrow. The arrow hits the large abomination!!!
You destroy the large abomination!
Fedhas accepts your kill.
No target in view!
(D) Dungeon (T) Temple (L) Lair (S) Swamp (N) Spider Nest (M) Slime Pits (O) Orcish Mines (E) Elven Halls (V) Vaults (C) Crypt (W) Tomb (U) Depths (H) Hell (Z) Zot
Where to? (Tab/Enter - D:1 @ (x,y), ? - help)
There is a huge open gate here.
There is an open gate here.
The orc shouts!
There is a staircase leading out of the dungeon here.
You have escaped!

...#.#..#######'''#######..^.#
##.#.#..#o#...........#o#...##
...#.#..###..8.###.8..###...#
...#.#..#≈.............≈#...#
...#.#..#≈.............§#...#
)..#.#..#≈≈..........§§§#...#
...#.#..#≈≈≈≈.......≈§≈§#...#
...#.#..#≈≈≈≈≈≈≈.≈≈≈≈§§§#...#
...#.#..#≈≈≈≈§≈≈@≈≈≈≈≈≈≈#...#
...#.#..#################...#
...#.#.....................(#####
...#.#...........................
...#.####.#..####################
...#.#...........................
.#.#.#.######...#################
.#.#.#.##...#.................###
.#.#.#.##.#.....##########.......


You could see 2 orcs.

Vanquished Creatures
  the Royal Jelly (Slime:5)
  Dissolution (Slime:3)
  4 orbs of fire (Zot:5)
  4 ancient liches
  3 dread liches
  A royal mummy (Crypt:3)
  Boris (Crypt:3)
  A shard shrike (IceCv)
  2 Killer Klowns (Zot:5)
  A curse toe (Zot:4)
  Xtahua (Crypt:3)
  3 caustic shrikes (Depths:3)
  9 golden dragons
  A profane servitor (D:6)
  A bone dragon (Depths:4)
  Arachne (Spider:3)
  3 electric golems
  2 hellephants (Depths:1)
  16 tentacled monstrosities
  24 Orb Guardians
  A walking earthen tome (WizLab)
  2 deep elf blademasters
  3 liches
  5 quicksilver dragons
  2 deep elf master archers (Elf:3)
  A walking divine tome (WizLab)
  3 titans (Vaults:5)
  22 acid blobs
  3 Executioners
  3 sphinxes
  7 death cobs
  2 ancient champions
  Aizul (Vaults:2)
  Agnes (Elf:1)
  16 tengu reavers
  14 shadow dragons
  Donald (Orc:2)
  4 revenants
  2 strange machines (WizLab)
  17 rockslimes
  5 draconian monks
  10 azure jellies
  Kirke (D:12)
  9 storm dragons
  8 frost giants
  5 emperor scorpions
  10 fire giants
  16 vault wardens
  12 ghost moths
  4 draconian scorchers
  10 deep elf sorcerers (Elf:3)
  A draconian knight (Zot:3)
  8 deep elf elementalists
  An iron dragon (shapeshifter) (Depths:3)
  A caustic shrike zombie (Crypt:2)
  An orc warlord (Vaults:4)
  6 draconian shifters
  13 ghouls
  2 balrugs
  3 reapers
  5 spriggan defenders
  24 very ugly things
  18 ironbound preservers
  5 draconian stormcallers
  2 war gargoyles
  6 broodmothers
  8 formless jellyfish
  11 quicksilver oozes
  6 ironbound thunderhulks
  2 demonspawn blood saints (D:14)
  A draconian annihilator (Zot:2)
  16 stone giants
  Nessos (Orc:2)
  2 green draconians
  4 vampire knights
  3 eleionomae
  5 deep elf demonologists
  6 black draconians
  9 deep elf annihilators
  A spark wasp (shapeshifter) (Vaults:5)
  7 spark wasps
  5 purple draconians
  9 dire elephants
  11 white draconians
  7 yellow draconians
  An eidolon (Crypt:3)
  2 crystal guardians (Vaults:4)
  8 ettins
  6 red draconians
  6 fire dragons
  6 deep elf death magi
  Josephine (Lair:3)
  4 mummy priests (Crypt:3)
  14 yaktaur captains
  10 jiangshi
  A quicksilver dragon skeleton (Crypt:2)
  5 deep elf high priests
  13 entropy weavers
  20 great orbs of eyes
  A spriggan zombie (Crypt:2)
  2 hell beasts
  10 rakshasas
  Erolcha (D:11)
  2 peacekeepers
  33 vault guards
  9 ice dragons
  3 spriggan air magi
  Erica (D:9)
  16 hydras
  11 alligators
  An anaconda (shapeshifter) (Depths:3)
  5 death knights
  3 catoblepae
  13 ironbound frosthearts
  3 ogre magi
  4 radroaches
  7 centaur warriors
  A ghost crab (Swamp:2)
  2 fenstrider witch skeletons
  9 boulder beetles
  25 dancing weapons
  5 two-headed ogres
  11 tengu warriors
  3 jorogumos
  4 vampire magi
  4 death yaks
  8 deep troll shamans
  10 deep troll earth magi
  6 orc high priests
  6 hell hogs (Depths:1)
  7 demonic crawlers
  2 spriggan berserkers
  A hell knight (Depths:3)
  A soul eater (Crypt:1)
  14 deep elf knights
  6 sun demons
  11 iron trolls
  2 shadow wraiths
  2 sun moths
  11 skeletal warriors
  8 pharaoh ants
  A spark wasp zombie (Depths:3)
  2 shadow demons (Crypt:3)
  53 deep trolls
  A death drake (Swamp:4)
  A flayed ghost (Crypt:3)
  8 spriggan druids
  5 goliath frogs
  10 swamp dragons
  4 glowing orange brains
  9 orb spiders
  A golden dragon skeleton (Depths:1)
  A swamp dragon (shapeshifter) (Vaults:5)
  25 bog bodies
  16 deep elf archers
  5 wizards
  An orange crystal statue (IceCv)
  4 steelbarb worms
  9 phantasmal warriors
  20 ironbound convokers
  An alligator zombie (Crypt:3)
  5 necromancers
  29 deep elf pyromancers
  26 deep elf zephyrmancers
  3 harpies (Vaults:2)
  6 orc sorcerers (Orc:2)
  9 shining eyes
  25 wolf spiders
  6 orc knights
  16 lindwurms
  6 will-o-the-wisps
  41 ugly things
  An iron dragon skeleton (Depths:1)
  3 cyclopes
  20 moths of wrath
  5 elephants (Lair:5)
  2 manticores
  A toenail golem (D:7)
  Joseph (D:8)
  6 eyes of devastation
  2 black mambas
  7 torpor snails
  An ice statue (Elf:2)
  9 cane toads
  Maggie (D:8)
  4 gargoyles
  19 vault sentinels
  A minotaur zombie (Crypt:1)
  6 komodo dragons
  Jeremiah (D:6)
  20 rime drakes
  An orb spider zombie (Crypt:3)
  2 ice devils (Lair:1)
  An efreet (D:15)
  5 freezing wraiths
  3 kobold demonologists
  6 tengu conjurers
  32 yaktaurs
  27 polar bears
  28 guardian mummies (Crypt:3)
  8 trolls
  2 queen bees
  3 bloated husks
  A moth of wrath zombie (Crypt:2)
  8 blink frogs
  2 meliai (shapeshifter)
  A wind drake (shapeshifter) (D:15)
  12 tyrant leeches
  6 meliai
  28 tarantellas
  A harpy skeleton (Crypt:2)
  A hydra skeleton (Crypt:2)
  3 large abominations
  A tarantella (shapeshifter) (Elf:2)
  17 hornets
  An iron dragon simulacrum (Crypt:2)
  10 dream sheep
  An ettin zombie (Depths:1)
  A centaur simulacrum (D:15)
  36 jumping spiders
  A slime creature (shapeshifter) (Vaults:5)
  A shadow (D:11)
  10 water elementals
  6 flying skulls (Crypt:1)
  14 spriggans
  4 air elementals
  29 culicivoras
  6 wyverns
  122 slime creatures
  11 ushabtiu (Crypt:3)
  2 spriggan skeletons
  6 wraiths
  7 fire elementals
  A ynoxinul (Depths:2)
  3 basilisks
  41 yaks
  64 redbacks
  2 humans (shapeshifter)
  A chaos spawn (Zot:5)
  Edmund (D:5)
  8 vampire mosquitoes
  A neqoxec (Depths:2)
  A steam dragon (D:8)
  7 wargs
  A fire bat zombie (Crypt:2)
  14 swamp worms
  13 water moccasins
  A cane toad zombie (Crypt:2)
  A fire bat skeleton (Crypt:3)
  11 swamp drakes
  A merfolk skeleton (Crypt:2)
  7 black bears
  21 orc warriors
  A swamp dragon zombie (Crypt:2)
  4 ogres
  A blink frog zombie (Crypt:2)
  7 centaurs
  13 wolves
  11 boggarts
  A boggart (shapeshifter) (Depths:2)
  An elf zombie (Ossuary)
  2 kobold brigands
  2 phantoms
  2 earth elementals
  12 bullfrogs
  7 necrophages
  3 gnoll sergeants
  3 scorpions
  A wyvern skeleton (Crypt:2)
  A water moccasin skeleton (Crypt:1)
  6 wights
  An elephant simulacrum (Lair:1)
  40 killer bees
  A troll skeleton (Crypt:1)
  11 electric eels
  2 howler monkeys
  2 jellies
  A lava snake (D:10)
  A centaur zombie (Ossuary)
  2 human zombies (Ossuary)
  2 hounds
  11 orc priests
  A black bear zombie (Crypt:1)
  Crazy Yiuf (D:7)
  38 orc wizards
  3 iguanas
  A spriggan simulacrum (Lair:1)
  A wolf simulacrum (Lair:1)
  An ogre zombie (Crypt:1)
  A hound skeleton (Crypt:1)
  6 mummies
  22 gnolls
  7 adders
  2 shadow imps
  2 ufetubi
  An adder zombie (Crypt:3)
  6 worms
  A dart slug (D:1)
  71 orcs
  A bat skeleton (Crypt:3)
  7 endoplasms
  2 giant cockroaches (D:1)
  14 goblins
  10 hobgoblins
  A jackal (shapeshifter) (Vaults:5)
  2 jackals (D:4)
  4 quokkas
  4 ball pythons
  2 bats
  2 frilled lizards
  A frilled lizard zombie (Crypt:1)
  A goblin skeleton (Crypt:2)
  A goblin zombie (Ossuary)
  A hobgoblin skeleton (Crypt:3)
  15 hobgoblin zombies (Ossuary)
  11 kobolds
  12 kobold zombies (Ossuary)
  3 orc zombies (Ossuary)
  7 rats
  2 rat zombies (Ossuary)
  A ballistomycete spore (Lair:1)
2418 creatures vanquished.

Vanquished Creatures (collateral kills)
  Rupert (D:12)
  2 acid blobs (Slime:5)
  A vault warden (Vaults:1)
  A dire elephant (Vaults:1)
  A catoblepas (Lair:5)
  7 death yaks
  A deep troll shaman (Lair:5)
  A two-headed ogre (D:12)
  A bog body (Lair:1)
  A harpy (Vaults:1)
  2 black mambas
  A gargoyle (D:12)
  A komodo dragon (Lair:1)
  A polar bear (Lair:1)
  3 yaks (Lair:1)
  A vampire mosquito (D:12)
  A scorpion (Lair:1)
  A killer bee (D:9)
  13 ballistomycete spores (Lair:1)
41 creatures vanquished.

Vanquished Creatures (others)
  A thorn hunter (Swamp:4)
  A black draconian (Zot:4)
  A deep elf annihilator (Elf:1)
  2 shambling mangroves (Swamp:4)
  An alligator (Swamp:2)
  3 deep elf knights
  An orb spider (Spider:3)
  A swamp dragon (Swamp:2)
  A bog body (Swamp:4)
  2 deep elf archers (Elf:1)
  An oklob plant (Lair:3)
  3 hornets (Swamp:4)
  2 tyrant leeches
  4 humans (D:12)
  An ushabti (Crypt:3)
  A yak (Lair:4)
  A swamp worm (Swamp:2)
  2 swamp drakes (Swamp:4)
  A boggart (Vaults:1)
  A bullfrog (Lair:2)
  10 foxfires
41 creatures vanquished.

Grand Total: 2500 creatures vanquished

Notes
Turn   | Place    | Note
-------+----------+-------------------------------------------
     0 | D:1      | extragnoll the Gnoll Hexslinger began the quest for the
                  | Orb.
     0 | D:1      | Reached XP level 1. HP: 17/17 MP: 4/4
   283 | D:1      | Reached XP level 2. HP: 23/23 MP: 5/5
   286 | D:1      | Learned a level 2 spell: Jinxbite
  1017 | D:2      | Reached XP level 3. HP: 28/28 MP: 7/7
  1111 | D:2      | Identified the +2 leather armour "Ynauh" {+Inv Str+4}
  1261 | D:2      | Reached skill level 1 in Invocations
  1357 | D:2      | Found a hide-covered altar of Uskayaw.
  1743 | D:3      | Reached skill level 1 in Short Blades
  1743 | D:3      | Reached skill level 1 in Long Blades
  1743 | D:3      | Reached skill level 1 in Axes
  1743 | D:3      | Reached skill level 1 in Maces & Flails
  1743 | D:3      | Reached skill level 1 in Polearms
  1743 | D:3      | Reached skill level 1 in Staves
  1743 | D:3      | Reached skill level 1 in Throwing
  1743 | D:3      | Reached skill level 1 in Armour
  1743 | D:3      | Reached skill level 1 in Stealth
  1743 | D:3      | Reached skill level 1 in Shields
  1743 | D:3      | Reached skill level 1 in Unarmed Combat
  1743 | D:3      | Reached skill level 1 in Evocations
  1828 | D:3      | Found a blossoming altar of Fedhas.
  1852 | D:3      | Became a worshipper of Fedhas Madash
  1959 | D:3      | Reached XP level 4. HP: 34/34 MP: 5/8
  1996 | D:3      | Reached skill level 1 in Shapeshifting
  2239 | D:3      | Found a glowing silver altar of Zin.
  2274 | D:3      | Found Voerch's Armour Emporium.
  2282 | D:3      | Bought a +0 helmet for 45 gold pieces
  2292 | D:3      | Reached skill level 1 in Conjurations
  2292 | D:3      | Reached skill level 1 in Summonings
  2292 | D:3      | Reached skill level 1 in Necromancy
  2292 | D:3      | Reached skill level 1 in Translocations
  2292 | D:3      | Reached skill level 1 in Transmutations
  2292 | D:3      | Reached skill level 1 in Ice Magic
  2292 | D:3      | Reached skill level 1 in Air Magic
  2292 | D:3      | Reached skill level 1 in Earth Magic
  2292 | D:3      | Reached skill level 1 in Poison Magic
  2474 | D:3      | Found a burning altar of Makhleb.
  2508 | D:3      | Reached XP level 5. HP: 40/40 MP: 5/9
  2730 | D:4      | Reached * piety under Fedhas
  2766 | D:4      | Reached XP level 6. HP: 46/47 MP: 7/11
  3015 | D:4      | Reached skill level 5 in Ranged Weapons
  3015 | D:4      | Reached skill level 5 in Dodging
  3395 | D:4      | Found a staircase to the Ecumenical Temple.
  3495 | D:5      | Entered Level 5 of the Dungeon
  3590 | D:5      | Found a shimmering altar of Xom.
  3618 | D:5      | Reached XP level 7. HP: 52/52 MP: 9/12
  3871 | D:5      | Noticed Edmund
  3997 | D:5      | Learned a level 3 spell: Inner Flame
  4151 | D:5      | Reached ** piety under Fedhas
  4209 | D:5      | Killed Edmund
  4471 | D:5      | Identified 2 scrolls of acquirement
  4471 | D:5      | Acquired the +5 Storm Queen's Shield {shock, Fly rElec}
  4471 | D:5      | Found the +5 Storm Queen's Shield {shock, Fly rElec}
  4478 | D:5      | Acquired 960 gold pieces
  4588 | D:6      | Reached XP level 8. HP: 60/60 MP: 11/14
  4967 | D:6      | Found a runed translucent gate.
  4967 | D:6      | Found a runed translucent gate.
  4967 | D:6      | Found a runed translucent gate.
  5084 | D:6      | Noticed Stellion's ghost (novice KoBr)
  5111 | D:6      | Noticed Jeremiah
  5133 | D:6      | Killed Jeremiah
  5242 | D:6      | You fall into a shaft and drop 1 floor!
  5250 | D:7      | Noticed a wyvern
  5260 | D:7      | Killed a wyvern
  5261 | D:7      | Reached skill level 6 in Ranged Weapons
  5261 | D:7      | Reached XP level 9. HP: 66/66 MP: 16/16
  5291 | D:7      | Found Luevvac's Book Shoppe.
  5304 | D:7      | Reached skill level 5 in Spellcasting
  5373 | D:7      | Found a sand-covered staircase.
  5378 | Ossuary  | Entered an ossuary
  5434 | Ossuary  | Reached *** piety under Fedhas
  5448 | Ossuary  | Reached skill level 5 in Fighting
  5453 | Ossuary  | Learned a level 4 spell: Cause Fear
  6004 | D:7      | Bought a manual of Ranged Weapons for 1200 gold pieces
  6314 | D:7      | Found a runed translucent door.
  6315 | D:7      | Noticed Crazy Yiuf
  6411 | D:7      | Found a broken altar of Ashenzari.
  6509 | D:7      | Killed Crazy Yiuf
  6560 | D:8      | Found a staircase to the Lair.
  6566 | D:8      | Reached **** piety under Fedhas
  6588 | D:7      | Reached skill level 5 in Invocations
  6799 | D:8      | Found a stormy altar of Qazlal.
  6830 | D:8      | Noticed a hornet
  6972 | D:8      | Noticed Maggie
  6985 | D:8      | Killed Maggie
  6986 | D:8      | Reached skill level 7 in Ranged Weapons
  7023 | D:8      | Noticed Joseph
  7060 | D:7      | Learned a level 2 spell: Blink
  7064 | D:7      | Learned a level 3 spell: Mephitic Cloud
  7195 | D:8      | Killed a hornet
  7196 | D:8      | Reached XP level 10. HP: 76/76 MP: 18/18
  7213 | D:8      | Found a bloodstained altar of Trog.
  7294 | D:8      | Killed Joseph
  7295 | D:8      | Reached skill level 5 in Short Blades
  7295 | D:8      | Reached skill level 5 in Long Blades
  7295 | D:8      | Reached skill level 5 in Axes
  7295 | D:8      | Reached skill level 5 in Maces & Flails
  7295 | D:8      | Reached skill level 5 in Polearms
  7295 | D:8      | Reached skill level 5 in Staves
  7295 | D:8      | Reached skill level 5 in Throwing
  7295 | D:8      | Reached skill level 5 in Armour
  7295 | D:8      | Reached skill level 5 in Stealth
  7295 | D:8      | Reached skill level 5 in Shields
  7295 | D:8      | Reached skill level 5 in Unarmed Combat
  7295 | D:8      | Reached skill level 5 in Evocations
  7777 | D:9      | Found a snail-covered altar of Cheibriados.
  7858 | D:9      | Reached skill level 5 in Fire Magic
  8375 | D:9      | Noticed Erica
  8415 | D:9      | Killed Erica
  8416 | D:9      | Reached skill level 8 in Ranged Weapons
  8416 | D:9      | Reached skill level 5 in Shapeshifting
  8689 | D:9      | Found a radiant altar of Vehumet.
  8690 | D:9      | Found a basalt altar of Yredelemnul.
  8722 | D:10     | Entered Level 10 of the Dungeon
  8723 | D:10     | Found a hazy altar of Hepliaklqana.
  8730 | D:10     | Noticed a centaur warrior
  8740 | D:10     | Killed a centaur warrior
  8742 | D:10     | Noticed a two-headed ogre
  8764 | D:10     | Killed a two-headed ogre
  8765 | D:10     | Reached XP level 11. HP: 66/83 MP: 1/20
  8789 | D:10     | Found a flagged portal.
  8875 | Bailey   | Entered a bailey
  8934 | Bailey   | Noticed an orc knight
  8936 | Bailey   | Reached ***** piety under Fedhas
  9077 | Bailey   | Killed an orc knight
  9078 | Bailey   | Reached skill level 5 in Conjurations
  9078 | Bailey   | Reached skill level 5 in Summonings
  9078 | Bailey   | Reached skill level 5 in Necromancy
  9078 | Bailey   | Reached skill level 5 in Translocations
  9078 | Bailey   | Reached skill level 5 in Transmutations
  9078 | Bailey   | Reached skill level 5 in Ice Magic
  9078 | Bailey   | Reached skill level 5 in Air Magic
  9078 | Bailey   | Reached skill level 5 in Earth Magic
  9078 | Bailey   | Reached skill level 5 in Poison Magic
  9672 | Bailey   | Noticed an orc high priest
  9683 | Bailey   | Killed an orc high priest
  9684 | Bailey   | Reached skill level 9 in Ranged Weapons
  9980 | Bailey   | Acquired 815 gold pieces
  9994 | Bailey   | Found an iron altar of Okawaru.
  9996 | Bailey   | Noticed an orc knight
 10243 | Bailey   | Killed an orc knight
 10314 | Bailey   | Reached skill level 10 in Ranged Weapons
 10314 | Bailey   | Reached XP level 12. HP: 92/92 MP: 21/23
 10646 | Lair:1   | Entered Level 1 of the Lair of Beasts
 10661 | Lair:1   | Noticed a death yak
 11559 | Lair:1   | Reached skill level 11 in Ranged Weapons
 11572 | Lair:1   | Killed a death yak
 11591 | Lair:1   | Reached XP level 13. HP: 79/98 MP: 19/25
 12057 | Lair:1   | Identified the +3 halberd of Discord {protect, rF++ rN+}
 13112 | Lair:2   | Identified the +0 chain mail of Cuwov {rPois rCorr}
 13209 | Lair:2   | Found a sacrificial altar of Ru.
 14178 | Lair:2   | Found a hole to the Spider Nest.
 14860 | Lair:3   | Noticed Josephine
 15022 | Lair:4   | Found a staircase to the Slime Pits.
 15101 | Lair:4   | Reached skill level 12 in Ranged Weapons
 15987 | Lair:4   | Reached skill level 10 in Dodging
 16061 | Lair:5   | Entered Level 5 of the Lair of Beasts
 16247 | Lair:4   | Reached XP level 14. HP: 84/108 MP: 15/27
 17219 | Lair:5   | Reached skill level 10 in Invocations
 17375 | Lair:5   | Identified the +2 pair of gloves of Ofateib {+Blink Str-2
                  | Int+3}
 17684 | Lair:5   | Reached skill level 13 in Ranged Weapons
 18036 | Lair:5   | Noticed a dire elephant
 18087 | Lair:5   | Killed a dire elephant
 18300 | Lair:5   | Identified the +6 mace "Metumy" {venom, rElec rF+ Str+3}
 18324 | Lair:5   | Learned a level 4 spell: Dimensional Bullseye
 19099 | Lair:4   | Reached skill level 10 in Spellcasting
 19153 | Lair:3   | Killed Josephine
 19155 | Lair:3   | Found a staircase to the Swamp.
 19389 | Lair:3   | Reached skill level 10 in Fighting
 20223 | D:10     | Reached ****** piety under Fedhas
 20249 | D:10     | Got a faded book
 20564 | D:10     | Found a staircase to the Orcish Mines.
 20613 | D:10     | Paralysed by a hornet for 1 turns
 21120 | D:11     | Reached XP level 15. HP: 115/115 MP: 29/29
 21345 | D:11     | Reached skill level 10 in Hexes
 21387 | D:11     | Noticed Erolcha
 21416 | D:11     | Killed Erolcha
 22260 | D:11     | Reached skill level 10 in Short Blades
 22260 | D:11     | Reached skill level 10 in Long Blades
 22260 | D:11     | Reached skill level 10 in Axes
 22260 | D:11     | Reached skill level 10 in Maces & Flails
 22260 | D:11     | Reached skill level 10 in Polearms
 22260 | D:11     | Reached skill level 10 in Staves
 22260 | D:11     | Reached skill level 10 in Throwing
 22260 | D:11     | Reached skill level 10 in Armour
 22260 | D:11     | Reached skill level 10 in Stealth
 22260 | D:11     | Reached skill level 10 in Shields
 22260 | D:11     | Reached skill level 10 in Unarmed Combat
 22260 | D:11     | Reached skill level 10 in Evocations
 22477 | D:12     | Noticed Kirke
 22500 | D:12     | Killed Kirke
 22501 | D:12     | Reached skill level 14 in Ranged Weapons
 22796 | D:12     | Noticed Rupert
 22807 | D:12     | Paralysed by Rupert for 2 turns
 22817 | D:12     | Killed Rupert
 23233 | Orc:1    | Entered Level 1 of the Orcish Mines
 23601 | Orc:2    | Entered Level 2 of the Orcish Mines
 23627 | Orc:2    | Found Jolauvel's Jewellery Boutique.
 23900 | Orc:2    | Found a staircase to the Elven Halls.
 23910 | Orc:2    | Noticed Donald
 24215 | Orc:2    | Killed Donald
 24414 | Orc:2    | Noticed Nessos
 24917 | Orc:2    | Killed Nessos
 25047 | Orc:2    | Bought the ring "Arhayl" {rC+ rCorr Str+4 Dex+6} for 1088
                  | gold pieces
 25093 | Orc:2    | Found Arishion's Assorted Antiques.
 25093 | Orc:2    | Found Nayt's Antique Armour Emporium.
 25122 | Orc:2    | Bought a jewelled leather armour for 203 gold pieces
 25122 | Orc:2    | Identified the +7 leather armour of Moxul {Rampage rN+
                  | Int+3} (You bought it in a shop on level 2 of the Orcish
                  | Mines)
 25218 | Orc:2    | Found Bopol's Jewellery Shop.
 25218 | Orc:2    | Found Afyferr's Jewellery Emporium.
 25254 | Orc:2    | Bought the brooch of Shielding {Spirit SH+8} for 780 gold
                  | pieces
 25254 | Orc:2    | Found the brooch of Shielding {Spirit SH+8}
 25957 | D:13     | Identified the ring "Vuitim" {rPois Will+ Int+4 Stlth+}
 26173 | D:13     | Found the -2 hat of the Alchemist {rElec rPois rF+ rC+ rN+
                  | Will+ rMut rCorr}
 26739 | D:13     | Found a gate to the Vaults.
 26972 | D:13     | Learned a level 5 spell: Silence
 26978 | D:13     | Learned a level 5 spell: Borgnjor's Vile Clutch
 27341 | D:14     | Reached XP level 16. HP: 122/125 MP: 25/31
 27469 | D:14     | Found a runed translucent gate.
 27469 | D:14     | Found a runed translucent gate.
 27474 | D:14     | Found a runed translucent gate.
 27475 | D:14     | Noticed Ynonecli's ghost (journeyman NaHu)
 27475 | D:14     | Noticed Cicylist's ghost (journeyman FoFi)
 28032 | D:14     | Found Toasos's Distillery.
 28052 | D:14     | Bought a potion of cancellation for 128 gold pieces
 28269 | D:15     | Entered Level 15 of the Dungeon
 28516 | D:15     | Reached skill level 15 in Ranged Weapons
 29007 | D:15     | Reached skill level 10 in Shapeshifting
 29647 | D:15     | Found a staircase to the Depths.
 29879 | Swamp:1  | Entered Level 1 of the Swamp
 32182 | Swamp:3  | Reached XP level 17. HP: 133/133 MP: 32/32
 32194 | Swamp:3  | Reached skill level 10 in Fire Magic
 32212 | Swamp:3  | Reached skill level 16 in Ranged Weapons
 32524 | Swamp:4  | Entered Level 4 of the Swamp
 32917 | Swamp:4  | Identified the +7 flail "Duotar" {venom, Str+5}
 32995 | Swamp:4  | Noticed Roxanne
 33410 | Swamp:4  | Reached skill level 10 in Conjurations
 33410 | Swamp:4  | Reached skill level 10 in Summonings
 33410 | Swamp:4  | Reached skill level 10 in Necromancy
 33410 | Swamp:4  | Reached skill level 10 in Translocations
 33410 | Swamp:4  | Reached skill level 10 in Transmutations
 33410 | Swamp:4  | Reached skill level 10 in Ice Magic
 33410 | Swamp:4  | Reached skill level 10 in Air Magic
 33410 | Swamp:4  | Reached skill level 10 in Earth Magic
 33410 | Swamp:4  | Reached skill level 10 in Poison Magic
 33522 | Swamp:4  | Got a decaying rune of Zot
 34012 | Vaults:1 | Entered Level 1 of the Vaults
 34755 | Vaults:1 | Identified the +2 leather armour "Uqai" {Harm Str-4 Int+7
                  | SInv Stlth+}
 34950 | Vaults:1 | Paralysed by a formless jellyfish for 1 turns
 35753 | Vaults:1 | Reached XP level 18. HP: 68/141 MP: 3/34
 35996 | Vaults:1 | Reached skill level 17 in Ranged Weapons
 35997 | Vaults:1 | Found Waysuur's Armour Shop.
 36602 | Vaults:2 | Found Votiback's Magic Scroll Shop.
 36609 | Vaults:2 | Bought a scroll of teleportation for 36 gold pieces
 36609 | Vaults:2 | Bought 2 scrolls of teleportation for 72 gold pieces
 36609 | Vaults:2 | Bought a scroll of enchant weapon for 90 gold pieces
 36609 | Vaults:2 | Bought a scroll of enchant weapon for 90 gold pieces
 37096 | Vaults:2 | Noticed Aizul
 37105 | Vaults:2 | Killed Aizul
 37257 | Vaults:2 | Noticed a Tzitzimitl
 37283 | Vaults:2 | Noticed a lich
 38224 | Vaults:2 | Killed a lich
 38728 | Vaults:3 | Found Qocakar's Book Shop.
 39447 | Vaults:3 | Reached XP level 19. HP: 149/149 MP: 34/36
 39484 | Vaults:3 | Found a staircase to the Crypt.
 39484 | Vaults:3 | Found a basalt altar of Yredelemnul.
 39484 | Vaults:3 | Found an ancient bone altar of Kikubaaqudgha.
 39517 | Vaults:3 | Reached skill level 18 in Ranged Weapons
 41247 | Vaults:4 | Found a portal to a secret trove of treasure.
 41322 | Vaults:4 | Found Qeh Bej's Jewellery Emporium.
 41612 | Vaults:4 | Paralysed by a formless jellyfish for 1 turns
 42056 | Spider:1 | Entered Level 1 of the Spider Nest
 42589 | Spider:1 | Reached XP level 20. HP: 156/158 MP: 37/37
 42964 | Spider:1 | Reached skill level 19 in Ranged Weapons
 43270 | Spider:1 | Learned a level 5 spell: Metabolic Englaciation
 43296 | Spider:2 | Reached skill level 15 in Invocations
 44921 | Spider:3 | Identified the +5 ring mail of the Eagle {-Cast rElec
                  | Regen+ MP-9}
 45533 | Spider:3 | Identified the +5 orcbow "Ruipano" {freeze, rPois Will++
                  | Str+3}
 45548 | Spider:3 | Noticed Arachne
 45560 | Spider:3 | Killed Arachne
 45620 | Spider:4 | Entered Level 4 of the Spider Nest
 46354 | Spider:4 | Acquired 500 gold pieces
 46597 | Spider:4 | Reached skill level 15 in Dodging
 46746 | Spider:4 | Reached XP level 21. HP: 127/166 MP: 1/39
 47354 | Spider:4 | Learned a level 5 spell: Freezing Cloud
 47501 | Spider:4 | Got a gossamer rune of Zot
 47877 | Elf:1    | Entered Level 1 of the Elven Halls
 47960 | Elf:1    | Noticed Agnes
 47972 | Elf:1    | Killed Agnes
 47986 | Elf:1    | Reached skill level 20 in Ranged Weapons
 48756 | Elf:1    | Found a shimmering blue altar of Sif Muna.
 49234 | Elf:2    | Found a radiant altar of Vehumet.
 49264 | Elf:2    | Found a frozen archway.
 49278 | IceCv    | Entered an ice cave
 49397 | IceCv    | Reached skill level 15 in Spellcasting
 49553 | IceCv    | Reached skill level 15 in Fighting
 49849 | IceCv    | Noticed a shard shrike
 50207 | IceCv    | Killed a shard shrike
 50249 | IceCv    | Identified the +2 falchion of Tuwkoroaj {flame, Fly rC+}
 50451 | Elf:2    | Paralysed by an air elemental for 1 turns
 50453 | Elf:2    | Paralysed by an air elemental for 1 turns
 50995 | Elf:2    | Found a runed translucent gate.
 50996 | Elf:2    | Found a runed translucent gate.
 50996 | Elf:2    | Found a runed translucent gate.
 51201 | Elf:3    | Entered Level 3 of the Elven Halls
 51206 | Elf:3    | Reached skill level 15 in Short Blades
 51206 | Elf:3    | Reached skill level 15 in Long Blades
 51206 | Elf:3    | Reached skill level 15 in Axes
 51206 | Elf:3    | Reached skill level 15 in Maces & Flails
 51206 | Elf:3    | Reached skill level 15 in Polearms
 51206 | Elf:3    | Reached skill level 15 in Staves
 51206 | Elf:3    | Reached skill level 15 in Throwing
 51206 | Elf:3    | Reached skill level 15 in Armour
 51206 | Elf:3    | Reached skill level 15 in Stealth
 51206 | Elf:3    | Reached skill level 15 in Shields
 51206 | Elf:3    | Reached skill level 15 in Unarmed Combat
 51206 | Elf:3    | Reached skill level 15 in Evocations
 51522 | Elf:3    | Reached XP level 22. HP: 165/175 MP: 37/41
 52847 | Elf:3    | Identified the +8 triple crossbow "Osiceul" {penet, rN+}
 52992 | Elf:3    | Identified the amulet of Ebleu {Reflect rC- rCorr MP+9
                  | Str+4 SH+5}
 53186 | Elf:3    | Identified the +8 trident of the Thoughtful Visions {spect,
                  | rC+ Int+3}
 53227 | Elf:3    | Reached skill level 21 in Ranged Weapons
 53681 | Elf:3    | Found the +0 mask of the Dragon {Will+ Slay+3 SInv}
 53684 | Elf:3    | Identified the staff "Guel Upyhan" {rF- MP+9 Str+7 Conj}
 53709 | Elf:3    | Identified the +1 robe of Anucutuj {Drain Fly SInv Stlth+}
 53732 | Elf:3    | Identified the staff of the Priest {rElec Stlth- Tloc
                  | Earth}
 54139 | Depths:1 | Entered Level 1 of the Depths
 54306 | Depths:1 | Found a magical portal.
 54330 | WizLab   | Entered Tukima's Studio
 54782 | WizLab   | Noticed extragnoll's illusion
 54814 | WizLab   | Got a grimy book
 54998 | Depths:1 | Found an ancient bone altar of Kikubaaqudgha.
 55128 | Depths:1 | Got a vibrating book
 55159 | Depths:1 | Found a gateway to Hell.
 55656 | Depths:2 | Reached XP level 23. HP: 183/183 MP: 42/42
 56280 | Depths:2 | Found a one-way gateway to a ziggurat.
 56544 | Depths:2 | Found a shimmering blue altar of Sif Muna.
 56733 | Depths:2 | Found a one-way gate leading to the halls of Pandemonium.
 57202 | Depths:2 | Identified the +1 ring mail of the Forest {MP+9}
 57605 | Depths:3 | Found a one-way gate to the infinite horrors of the Abyss.
 57650 | Depths:3 | Noticed a caustic shrike
 57658 | Depths:3 | Killed a caustic shrike
 57928 | Depths:3 | Reached skill level 22 in Ranged Weapons
 58141 | Depths:3 | Noticed a caustic shrike
 58145 | Depths:3 | Killed a caustic shrike
 58193 | Depths:3 | Noticed a caustic shrike
 58199 | Depths:3 | Killed a caustic shrike
 58369 | Depths:3 | Noticed an ancient lich
 58372 | Depths:3 | Killed an ancient lich
 58491 | Depths:3 | Identified the +12 quarterstaff of Wojed {speed, Drain Fly
                  | rElec Int+5}
 58527 | Depths:3 | Identified the staff "Ahosylio" {rPois rN+ Stlth+ Necro}
 58662 | Depths:3 | Reached skill level 15 in Shapeshifting
 58872 | Depths:3 | Identified the +0 leather armour of Untruth {Will- Regen+
                  | Stlth+}
 58978 | Depths:3 | Identified the +4 longbow of Inference {heavy, rPois rC+
                  | Will- Int+8}
 58990 | Depths:3 | Reached XP level 24. HP: 193/193 MP: 40/43
 59687 | Depths:4 | Entered Level 4 of the Depths
 59980 | Depths:4 | Identified the +12 hand axe "Doubo" {flame, rElec rF++
                  | rCorr Int-3}
 60002 | Depths:4 | Reached skill level 15 in Hexes
 60130 | Depths:4 | Found a gate to the Realm of Zot.
 60876 | Depths:4 | Learned a level 7 spell: Enfeeble
 61163 | Crypt:1  | Entered Level 1 of the Crypt
 63139 | Crypt:2  | Reached skill level 23 in Ranged Weapons
 63284 | Crypt:3  | Entered Level 3 of the Crypt
 63844 | Crypt:3  | Noticed Xtahua
 63847 | Crypt:3  | Killed Xtahua
 63908 | Crypt:3  | Found a shimmering blue altar of Sif Muna.
 63921 | Crypt:3  | Reached XP level 25. HP: 200/201 MP: 44/44
 64811 | Crypt:3  | Noticed Boris
 64821 | Crypt:3  | Killed Boris
 64867 | Crypt:3  | Identified the ring of Xucikhij {rN+ Will+ Slay+2}
 64867 | Crypt:3  | Noticed a royal mummy
 64876 | Crypt:3  | Killed a royal mummy
 65171 | Crypt:3  | Found the +8 Vampire's Tooth {megavamp}
 65202 | Crypt:3  | Found the +10 tower shield of Ignorance {rN+ Int-4}
 65402 | Crypt:3  | Found a staircase to the Tomb.
 65528 | Crypt:3  | Identified the +7 halberd of Purpose {freeze, SInv}
 65543 | Crypt:3  | Identified the ring "Buudij" {rN+ Dex+3}
 65543 | Crypt:3  | Identified the ring "Immy" {rN+ Int+3 SInv}
 66952 | Slime:1  | Entered Level 1 of the Pits of Slime
 67064 | Slime:1  | Gained mutation: Your magical capacity is low. (-10% MP) [a
                  | shining eye]
 68188 | Slime:2  | Paralysed by a formless jellyfish for 1 turns
 68555 | Slime:3  | Reached skill level 15 in Summonings
 69133 | Slime:4  | Noticed Dissolution
 69250 | Slime:3  | Killed Dissolution
 69428 | Slime:4  | Reached skill level 15 in Fire Magic
 69754 | Slime:5  | Entered Level 5 of the Pits of Slime
 70059 | Slime:5  | Noticed the Royal Jelly
 70075 | Slime:5  | Killed the Royal Jelly
 70184 | Slime:5  | Identified the +7 halberd "Embalmer" {drain, MP+9 Int-3
                  | Dex+2 Stlth+}
 70203 | Slime:5  | Identified the +0 chain mail of Kerusula {rElec rN+ Str+3
                  | Stlth+}
 70237 | Slime:5  | Identified the +11 flail of the Reaper {freeze, Dex+2}
 70239 | Slime:5  | Got a rare book
 70275 | Slime:5  | Identified the +5 orcbow of Muser {freeze, rF+++ rC- Dex+2}
 70279 | Slime:5  | Got a slimy rune of Zot
 70322 | Slime:5  | Gained mutation: Armour fits poorly on your strangely
                  | shaped body. [a shining eye]
 70324 | Slime:5  | Gained mutation: You are frail. (-10% HP) [a shining eye]
 70386 | Slime:5  | Lost mutation: Your magical capacity is low. (-10% MP)
                  | [potion of mutation]
 70386 | Slime:5  | Lost mutation: Armour fits poorly on your strangely shaped
                  | body. [potion of mutation]
 70386 | Slime:5  | Gained mutation: You are occasionally teleported next to
                  | monsters. [potion of mutation]
 70386 | Slime:5  | Gained mutation: You passively map a small area around you.
                  | [potion of mutation]
 70386 | Slime:5  | Gained mutation: Your system is resistant to poisons.
                  | (rPois) [potion of mutation]
 70386 | Slime:5  | Gained mutation: You have sharp toenails. [potion of
                  | mutation]
 70387 | Slime:5  | Lost mutation: You passively map a small area around you.
                  | [potion of mutation]
 70387 | Slime:5  | Lost mutation: You are occasionally teleported next to
                  | monsters. [potion of mutation]
 70387 | Slime:5  | Lost mutation: You are frail. (-10% HP) [potion of
                  | mutation]
 70387 | Slime:5  | Gained mutation: You have hidden genetic potential. [potion
                  | of mutation]
 70387 | Slime:5  | Lost mutation: You have hidden genetic potential. [potion
                  | of mutation]
 70475 | Slime:5  | Identified the +2 whip of Xinitoqo {protect, rElec}
 70484 | Slime:5  | Identified the ring "Wytuag" {rElec rF+ MP+9 Str+2}
 70525 | Slime:5  | Gained mutation: You are vulnerable to cold. (rC-) [a
                  | shining eye]
 70580 | Slime:5  | Reached skill level 15 in Conjurations
 70580 | Slime:5  | Reached skill level 15 in Necromancy
 70580 | Slime:5  | Reached skill level 15 in Translocations
 70580 | Slime:5  | Reached skill level 15 in Transmutations
 70580 | Slime:5  | Reached skill level 15 in Ice Magic
 70580 | Slime:5  | Reached skill level 15 in Air Magic
 70580 | Slime:5  | Reached skill level 15 in Earth Magic
 70580 | Slime:5  | Reached skill level 15 in Poison Magic
 70720 | Slime:5  | Reached skill level 24 in Ranged Weapons
 70941 | Slime:5  | Reached XP level 26. HP: 211/211 MP: 44/44
 71243 | Slime:5  | Lost mutation: You have sharp toenails. [potion of
                  | mutation]
 71243 | Slime:5  | Lost mutation: Your system is resistant to poisons. (rPois)
                  | [potion of mutation]
 71243 | Slime:5  | Lost mutation: You are vulnerable to cold. (rC-) [potion of
                  | mutation]
 71243 | Slime:5  | Gained mutation: You have sharp toenails. [potion of
                  | mutation]
 71684 | Vaults:4 | You showed the slimy rune of Zot to enter a treasure trove
 71685 | Trove    | Entered a treasure trove
 71702 | Trove    | Reached XP level 27. HP: 217/217 MP: 44/44
 71712 | Trove    | Identified the +0 leather armour of Courage {Contam rCorr
                  | SInv}
 71715 | Trove    | Identified the +1 pair of boots "Enkaodgh" {rElec rCorr
                  | Int+6}
 71877 | Vaults:5 | Entered Level 5 of the Vaults
 72248 | Vaults:5 | Noticed an ancient lich
 72253 | Vaults:5 | Killed an ancient lich
 72494 | Vaults:5 | Identified the amulet "Herramez" {RegenMP +Blink Dex+2}
 72520 | Vaults:5 | Noticed a dread lich
 72527 | Vaults:5 | Killed a dread lich
 72656 | Vaults:5 | Noticed a dread lich
 72663 | Vaults:5 | Killed a dread lich
 72816 | Vaults:5 | Got a silver rune of Zot
 72822 | Vaults:5 | Identified the +0 robe "Wookuton" {rC- Int+5 SInv}
 72973 | Vaults:5 | Identified the +3 scale mail "Liackyma" {*Corrode rPois
                  | Str+4}
 73023 | Vaults:5 | Noticed an ancient lich
 73032 | Vaults:5 | Killed an ancient lich
 73078 | Vaults:5 | Got a well-preserved book
 73112 | Vaults:5 | Learned a level 6 spell: Dispersal
 73510 | Vaults:5 | Identified the +3 hand axe "Yrghiwn" {heavy, *Slow rC+
                  | MP+9}
 73869 | Zot:1    | Entered Level 1 of the Realm of Zot
 74043 | Zot:2    | Found the +4 dragonskin cloak
 74043 | Zot:2    | Noticed Tiamat
 74180 | Zot:1    | Reached skill level 25 in Ranged Weapons
 77732 | Zot:5    | Entered Level 5 of the Realm of Zot
 78231 | Zot:5    | Noticed an ancient lich
 78243 | Zot:5    | Killed an ancient lich
 78246 | Zot:5    | Noticed an orb of fire
 78259 | Zot:5    | Killed an orb of fire
 78260 | Zot:5    | Noticed a dread lich
 78264 | Zot:5    | Noticed an orb of fire
 78268 | Zot:5    | Killed a dread lich
 78269 | Zot:5    | Noticed an orb of fire
 78272 | Zot:5    | Noticed an orb of fire
 78274 | Zot:5    | Killed an orb of fire
 78281 | Zot:5    | Killed an orb of fire
 78283 | Zot:5    | Killed an orb of fire
 78588 | Zot:5    | Reached skill level 26 in Ranged Weapons
 78725 | Zot:5    | Got the Orb of Zot
 78951 | Depths:4 | Noticed a seraph
 79152 | D:14     | Noticed Boemmae the pandemonium lord
 79539 | D:$      | Escaped with the Orb!

Illustrated notes

Levels and vault maps discovered:
D:1:      lordsloth_arrival_two_stooges, layout_basic, serial_forest,
          infiniplex_forest_zigzag_2, infiniplex_forest_lined_3,
          infiniplex_forest_lined_room_3, infiniplex_forest_zigzag_1,
          infiniplex_forest_clump_medium, infiniplex_forest_clump_double
D:2:      layout_basic, basic_altar
D:3:      layout_basic, mainiacjoe_overflow_alcove_1, zin_treasury,
          fedhas_ov_isle_minmay, serial_shops, shop
D:4:      layout_loops_ring, minmay_temple_entry_offerings
D:5:      layout_loops_ring, brannock_xom_greatest_gift,
          amcnicky_mini_corridor_feature, serial_bayou_crossing, uniq_edmund
D:6:      layout_gridville, ebering_ghost_rock_garden, st_stairs_12,
          uniq_jeremiah
D:7:      layout_rooms, mainiacjoe_overflow_six_doors_small, enter_ossuary_5,
          kennysheep_windowed_goal, uniq_crazy_yiuf_cottage
D:8:      layout_basic, nicolae_qazlal_general_emergency,
          trog_three_pillars_becter, uniq_joseph, uniq_maggie
D:9:      layout_irregular_city, cheibriados_altar_1,
          gammafunk_temple_overflow_statue, uniq_erica
D:10:     dragon1_lemuel, layout_long_grid, nicolae_hepliaklqana_hippocampus,
          david_orc_2, enter_bailey_4
D:11:     kennysheep_spiral_hall, layout_cave_pods, minmay_hedge_maze,
          uniq_erolcha
D:12:     layout_cave_pools, minivault_23, uniq_kirke, uniq_rupert
D:13:     layout_long_grid, david_vaults_5, palyth_stone_intersect, minivault_11
D:14:     layout_loops_corners, serial_shops, nicolae_stop_n_shop_2,
          gammafunk_ghost_cemetery
D:15:     gammafunk_enter_depths_forms, layout_basic, serial_park_paths
          [serial_park_minivault_5x5_1], solitary_fountain, amethyst_killhole
Lair:1:   dreamdust_isle_of_ice, layout_hall_layers
Lair:2:   beast_lair_carwin_large_3, layout_chaotic_city,
          spider_nest_entry_funnel_web, lemuel_oklob_altar
Lair:3:   layout_gridlike, skrybe_swamp_entry_bodies, uniq_josephine
Lair:4:   layout_regular_city, minmay_slime_entry_oklob_open
Lair:5:   grunt_lair_end_beastmaster, layout_regular_city, lemuel_old_faithful,
          grunt_megastairs_2
Swamp:1:  layout_falls_marsh, nicolae_swamp_trees_clearing
Swamp:2:  layout_falls_marsh, infiniplex_staircase_pool_2
Swamp:3:  layout_falls_marsh, nicolae_swamp_fairy_circle,
          hangedman_swamp_ravenous
Swamp:4:  swamp_basic_johnstein, layout_basic_swamp, swamp_pool5,
          nicolae_swamp_soggy_hallways, uniq_roxanne
Spider:1: layout_spider_delve, drop_trap
Spider:2: nicolae_spider_obnoxious_hallway, special_room [special_room_bee],
          nicolae_spider_cling_halls
Spider:3: nicolae_spider_brood_tunnel, uniq_arachne
Spider:4: spider_rune_water, hive_lemuel
Slime:1:  layout_caves
Slime:2:  layout_caves, nicolae_slime_crime_time
Slime:3:  layout_caves
Slime:4:  layout_caves, uniq_dissolution
Slime:5:  slime_pit_nicolae_block_by_block
Orc:1:    layout_caves
Orc:2:    st_orc_town, layout_diamond_mine, serial_shops, shop, uniq_donald,
          uniq_nessos
Elf:1:    nicolae_elf_arrival_no_cutting_in_line, layout_loops_cross,
          basic_altar, uniq_agnes
Elf:2:    nicolae_elf_blades_crystal_corner, layout_rooms, basic_altar,
          portal_ice_cave_entry_ice_statue_one, evilmike_minifort, uniq_zenata
Elf:3:    minmay_elf_hall_curves, layout_rooms
Vaults:1: v_misc_19, nicolae_vaults_hallways_thing, v_misc_12,
          ontoclasm_vaults_eye, dpeg_vaults_monster_box,
          nicolae_vaults_storage_closets_2, nicolae_vaults_apartment_2,
          nicolae_vaults_trapezoid_lopsided_4, nicolae_vaults_circle_grid_b,
          grunt_vaults_diagonal, nicolae_vaults_house_3,
          nicolae_vaults_closet_pinwheel_3,
          nicolae_vaults_taking_the_gang_shopping, layout_vaults_ring
Vaults:2: ontoclasm_vaults_idyll, nicolae_vaults_disappearing_quadrants,
          nicolae_vaults_network_quinsquares
          [nicolae_vaults_network_quincunx_subvault,
          nicolae_vaults_network_quincunx_subvault,
          nicolae_vaults_network_quincunx_subvault,
          nicolae_vaults_network_quincunx_subvault], nicolae_vaults_mitosis,
          v_alt_pattern_2, nicolae_vaults_heart-shaped_vault, v_pattern_3,
          nicolae_vaults_sealed_display, nicolae_vaults_trapezoid_lopsided_1,
          nicolae_vaults_tetromino_T_1, nicolae_vaults_diamond_1,
          layout_vaults_quadrants, serial_shops, shop, uniq_aizul
Vaults:3: vaults_room_fancy_cross, minmay_crypt_entry_necro_gods,
          vaults_dpeg_hooks, nicolae_vaults_diamond_1,
          nicolae_vaults_little_squares_3, vaults_room_guarded_vault,
          nicolae_vaults_trapezoid_1, nicolae_vaults_trapezoid_lopsided_4,
          grunt_vaults_focal, nicolae_vaults_spaceships, layout_vaults_omnibox,
          serial_shops, nicolae_shop_statue_plus
Vaults:4: v_misc_32, nicolae_vaults_frosty_reception,
          nicolae_vaults_cornered_office, nicolae_vaults_puzzle_piece,
          nicolae_vaults_closet_pinwheel_5, vaults_room_door_hall,
          nicolae_vaults_layer_cake_slice, nicolae_vaults_oval_intersection,
          layout_vaults_maze, serial_shops, shop, nicolae_trove_entry_crossroad
Vaults:5
Crypt:1:  layout_catacombs, uniq_margery
Crypt:2:  layout_gridlike, minmay_misc_feat_ornament
Crypt:3:  due_elkab, layout_chaotic_city, small_statue_intersection,
          hangedman_summoners_spam, uniq_xtahua, uniq_boris
Depths:1: layout_cave_pools, grunt_hell_horde, infiniplex_enter_wizlab_spiral,
          serial_bayou_lagoon_a, kiku_gazebo_garden_becter
Depths:2: kb_forest_paths, layout_basic, ziggurat_fallback,
          nicolae_sif_muna_condensation, rand_demon_pan_entry_1, hell_entry,
          item_on_display_a
Depths:3: hangedman_pleasuredromes, hell_entry, abyss_entry
Depths:4: grunt_crosshair, layout_honeycomb, hangedman_tar_grid_catacomb,
          nrook_mini_vaults, serial_bayou_shore_b
Zot:1:    kennysheep_blocky_room, layout_misc_corridors
Zot:2:    layout_onion_interference, hangedman_zot_decor_tridents,
          zot_minivault_8, uniq_tiamat
Zot:3:    nicolae_zot_stationary_front, layout_basic
Zot:4:    layout_onion, grunt_megastairs_4
Zot:5:    layout_cellular_growth

Skill      XL: |  1  2  3  4  5  6  7  8  9 10 11 12 13 14 15 16 17 18 19 20 21 22 23 24 25 26 27 |
---------------+----------------------------------------------------------------------------------+-----
Fire Magic     | 2 3 4 5 6 7 8 9 10 11 12 13 14 15 16 | 16.6
Invocations    | 1 2 3 4 5 6 7 8 9 10 11 12 13 14 15 16 17 18 19 20 | 20.8
Short Blades   | 1 2 3 4 5 7 8 9 10 11 12 13 14 15 16 17 19 | 19.3
Long Blades    | 1 2 3 4 5 7 8 9 10 11 12 13 14 15 16 17 19 | 19.3
Axes           | 1 2 3 4 5 7 8 9 10 11 12 13 14 15 16 17 19 | 19.3
Maces & Flails | 1 2 3 4 5 7 8 9 10 11 12 13 14 15 16 17 19 | 19.3
Polearms       | 1 2 3 4 5 7 8 9 10 11 12 13 14 15 16 17 19 | 19.3
Staves         | 1 2 3 4 5 7 8 9 10 11 12 13 14 15 16 17 19 | 19.3
Throwing       | 1 2 3 4 5 7 8 9 10 11 12 13 14 15 16 17 19 | 19.3
Armour         | 1 2 3 4 5 7 8 9 10 11 12 13 14 15 16 17 19 | 19.3
Stealth        | 1 2 3 4 5 7 8 9 10 11 12 13 14 15 16 17 19 | 19.3
Shields        | 1 2 3 4 5 7 8 9 10 11 12 13 14 15 16 17 19 | 19.3
Unarmed Combat | 1 2 3 4 5 7 8 9 10 11 12 13 14 15 16 17 18 19 21 | 21.8
Evocations     | 1 2 3 4 5 7 8 9 10 11 12 13 14 15 16 17 19 | 19.3
Spellcasting   | 3 4 5 6 7 8 9 10 11 12 13 14 15 16 17 19 | 19.4
Shapeshifting  | 1 2 3 4 5 6 7 8 9 10 11 12 13 14 15 16 17 | 17.8
Conjurations   | 1 2 3 4 6 7 8 9 10 11 12 13 14 15 16 | 16.4
Summonings     | 1 2 3 4 6 7 8 9 10 11 12 13 14 15 18 | 18.2
Necromancy     | 1 2 3 4 6 7 8 9 10 11 12 13 14 15 16 | 16.4
Translocations | 1 2 3 4 6 7 8 9 10 11 12 13 14 15 16 | 16.4
Transmutations | 1 2 3 4 6 7 8 9 10 11 12 13 14 15 16 | 16.4
Ice Magic      | 1 2 3 4 6 7 8 9 10 11 12 13 14 15 16 | 16.4
Air Magic      | 1 2 3 4 6 7 8 9 10 11 12 13 14 15 16 | 16.4
Earth Magic    | 1 2 3 4 6 7 8 9 10 11 12 13 14 15 16 | 16.4
Poison Magic   | 1 2 3 4 6 7 8 9 10 11 12 13 14 15 16 | 16.4
Fighting       | 3 4 5 6 7 8 9 10 11 12 13 14 15 16 17 19 | 19.4
Ranged Weapons | 5 6 7 8 10 11 12 13 14 15 16 17 18 19 20 21 22 23 24 26 | 26.1
Dodging        | 5 6 7 8 9 10 11 12 13 14 15 16 17 18 19 | 19.7
Hexes          | 6 7 8 9 10 11 12 13 14 15 17 | 17.2

Action                     |  1- 3 |  4- 6 |  7- 9 | 10-12 | 13-15 | 16-18 | 19-21 | 22-24 | 25-27 || total
---------------------------+-------+-------+-------+-------+-------+-------+-------+-------+-------++-------
  Melee: Dagger            |       |     6 |    92 |    81 |   222 |       |     1 |     1 |     3 ||   406
         Bite              |       |     1 |    12 |    12 |    45 |       |     1 |       |       ||    71
         Punch             |       |       |     7 |     5 |    14 |       |       |       |     2 ||    28
         Mace              |       |       |       |       |    24 |       |       |       |       ||    24
         Orcbow            |       |       |       |       |     1 |       |       |       |       ||     1
         Longbow           |       |       |       |       |       |       |     6 |       |       ||     6
   Fire: Sling             |    88 |   120 |    86 |   347 |       |       |       |       |       ||   641
         Orcbow            |       |       |    13 |       |   824 |       |       |       |       ||   837
         Shortbow          |       |       |   257 |   334 |   888 |       |       |       |       ||  1479
         Longbow           |       |       |       |       |   333 |  1218 |  1544 |  1341 |  1552 ||  5988
   Cast: Jinxbite          |    10 |    20 |    20 |     1 |       |       |       |       |       ||    51
         Inner Flame       |       |       |     5 |       |     1 |       |       |       |       ||     6
         Cause Fear        |       |       |     1 |     3 |     4 |     1 |     2 |     2 |     1 ||    14
         Mephitic Cloud    |       |       |       |    30 |   118 |    24 |    11 |     9 |       ||   192
         Blink             |       |       |       |    10 |    36 |    14 |    10 |     3 |     3 ||    76
         Borgnjor's Vile C |       |       |       |       |     3 |    14 |     6 |     6 |     1 ||    30
         Dimensional Bulls |       |       |       |       |       |     2 |       |     1 |     5 ||     8
         Silence           |       |       |       |       |       |     1 |       |       |     5 ||     6
         Metabolic Englaci |       |       |       |       |       |       |    16 |       |     2 ||    18
         Freezing Cloud    |       |       |       |       |       |       |     1 |    16 |     5 ||    22
 Invoke: Overgrow          |       |       |       |     2 |     3 |       |       |       |       ||     5
         Grow Ballistomyce |       |       |       |       |     1 |       |       |       |       ||     1
         Grow Oklob        |       |       |       |       |       |     1 |       |       |       ||     1
  Evoke: Wand              |       |       |    13 |    11 |    11 |     8 |     8 |    13 |     7 ||    71
         Lightning rod     |       |       |       |       |     6 |       |       |     1 |     2 ||     9
         Condenser vane    |       |       |       |       |       |       |     1 |     1 |       ||     2
         Phantom mirror    |       |       |       |       |       |       |       |       |     2 ||     2
    Use: Scroll            |       |     5 |    16 |     5 |    10 |    11 |     5 |     4 |    21 ||    77
         Potion            |       |       |     1 |     2 |     2 |     3 |     6 |     3 |    10 ||    27
   Stab: Sleeping          |       |     1 |     1 |     1 |       |       |       |       |       ||     3
         Paralysed         |       |       |    14 |     6 |     1 |       |     1 |     1 |       ||    23
         Confused          |       |       |       |     1 |    10 |       |       |       |       ||    11
 Armour: Robe              |     1 |       |       |       |       |       |       |       |       ||     1
         Leather armour    |     6 |    16 |   204 |   140 |   143 |   446 |   661 |   360 |    17 ||  1993
         Ring mail         |       |       |       |       |   543 |       |       |       |       ||   543
         Swamp dragon scal |       |       |       |       |       |       |       |       |   506 ||   506
  Dodge: Dodged            |     7 |    24 |   257 |   210 |   866 |   555 |  1205 |   602 |  1114 ||  4840
  Block: Kite shield       |       |       |    17 |    25 |       |       |       |       |       ||    42
         Other             |       |       |       |       |    29 |   201 |   445 |   232 |   301 ||  1208

Table legend: (Time is in decaauts)
 A = Elapsed time spent in this place.
 B = Non-inter-level travel time spent in this place.
 C = Inter-level travel time spent in this place.
 D = Time resting spent in this place.
 E = Time spent auto-exploring this place.
 F = Levels seen in this place.
 G = Mean time per level.
                   A        B        C        D        E       F      G
               +--------+--------+--------+--------+--------+-----+--------+
         Total |  80725 |  74189 |   6536 |  23237 |  30492 |  60 | 1345.4 |
       Dungeon |  18667 |  16041 |   2626 |   2930 |   9181 |  15 | 1244.5 |
          Lair |  10755 |   9941 |    814 |   3509 |   3478 |   5 | 2151.0 |
         Swamp |   3905 |   3721 |    184 |    853 |   1960 |   4 |  976.2 |
   Spider Nest |   5225 |   5042 |    183 |   1971 |   1650 |   4 | 1306.2 |
    Slime Pits |   4222 |   4007 |    215 |   1095 |   2062 |   5 |  844.4 |
  Orcish Mines |   2225 |   1978 |    247 |    622 |    763 |   2 | 1112.5 |
   Elven Halls |   5149 |   4708 |    441 |   2087 |   1425 |   3 | 1716.3 |
        Vaults |  10383 |   9211 |   1172 |   2447 |   4246 |   5 | 2076.6 |
         Crypt |   4639 |   4376 |    263 |   1020 |   2329 |   3 | 1546.3 |
        Depths |   6447 |   6164 |    283 |   1955 |   2780 |   4 | 1611.8 |
           Zot |   5120 |   5018 |    102 |   3505 |      0 |   5 | 1024.0 |
         Trove |    115 |    115 |      0 |      0 |     29 |   1 |  115.0 |
       Ossuary |    535 |    535 |      0 |     15 |     65 |   1 |  535.0 |
        Bailey |   1600 |   1600 |      0 |    492 |     40 |   1 | 1600.0 |
      Ice Cave |   1172 |   1172 |      0 |    453 |    452 |   1 | 1172.0 |
        Wizlab |    561 |    561 |      0 |    278 |     28 |   1 |  561.0 |
               +--------+--------+--------+--------+--------+-----+--------+

Top non-repeatable levels by time:
  Lair:2: 2953 daAuts
Vaults:2: 2651 daAuts
   Elf:3: 2596 daAuts
Vaults:1: 2491 daAuts
 Crypt:3: 2415 daAuts
  Lair:5: 2385 daAuts
Depths:3: 2247 daAuts
   Zot:1: 2146 daAuts
  Lair:1: 2055 daAuts
  Lair:4: 2028 daAuts
Vaults:3: 2013 daAuts
Depths:2: 1965 daAuts
    D:10: 1918 daAuts
    D:13: 1913 daAuts
Spider:4: 1813 daAuts
